 Dungeon Crawl Stone Soup version 0.21-a0-49-g7bf2ba4 (webtiles) character file.

3454003 triglyceri the Intangible (level 27, 233/233 HPs)
             Began as a Merfolk Monk on June 8, 2017.
             Was the Champion of Okawaru.
             Escaped with the Orb
             ... and 5 runes on June 9, 2017!
             The game lasted 04:44:30 (65280 turns).

triglyceri the Intangible (Merfolk Monk)           Turns: 65280, Time: 04:44:31

Health: 233/233    AC: 43    Str: 38    XL:     27
Magic:  41/41      EV: 36    Int: 19    God:    Okawaru [******]
Gold:   6784       SH: 25    Dex: 32    Spells: 22/47 levels left

rFire    + + .     SeeInvis +   t - +11 demon trident of Causality {freeze, +Inv Str+6 Int+4}
rCold    + + .     Gourm    .   q - +2 shield of Resistance {rF+ rC+ MR+}
rNeg     + + +     Faith    .   w - +15 plate armour of Morality {rF+ rN++ MR+}
rPois    +         Spirit   .   Y - +1 hat
rElec    .         Reflect  +   g - +0 cloak "Tuopung" {rPois rN++ Regen+ Str+3}
rCorr    .         Harm     .   C - +2 pair of gloves {Dex+3}
MR       +++++     Rnd*Tele +   x - +2 pair of boots of Zolywkuv {Dex+5}
Stlth    +.........             f - +5 amulet of reflection
Regen    0.9/turn               r - ring "Eggib" {Wiz Str+3 Int+2 Slay+3 SInv}
MPRegen  0.3/turn               W - ring "Usic" {*Corrode rC+ Str+5 Dex+4 SInv}

@: no status effects
A: change form in water, swift swim, stealthy swim, horns 1, agile 1, clever 1,
high mp 1, magic resistance 1, teleportitis 1, MP-powered wands
0: Orb of Zot
}: 5/15 runes: serpentine, barnacled, slimy, silver, abyssal
a: Heroism, Finesse, Renounce Religion, Evoke Invisibility


You escaped.
You worshipped Okawaru.
Okawaru was exalted by your worship.
You were not hungry.

You visited 12 branches of the dungeon, and saw 58 of its levels.
You visited the Abyss 2 times.
You also visited: Labyrinth, Trove, Bailey, Ice Cave and Volcano.

You collected 9918 gold pieces.
You spent 3134 gold pieces at shops.

Inventory:

Hand Weapons
 t - the +11 demon trident of Causality (weapon) {freeze, +Inv Str+6 Int+4}
   (You acquired it on level 1 of the Lair of Beasts)

   It has been specially enchanted to freeze those struck by it, causing extra
   injury to most foes and up to half again as much damage against particularly
   susceptible opponents.
   It can also slow down cold-blooded creatures.
   It affects your strength (+6).
   It affects your intelligence (+4).
   It lets you turn invisible.
Armour
 g - the +0 cloak "Tuopung" (worn) {rPois rN++ Regen+ Str+3}
   (Okawaru gifted it to you on level 5 of the Depths)

   It affects your strength (+3).
   It protects you from poison.
   It greatly protects you from negative energy.
   It increases your rate of regeneration.
 q - the +2 shield of Resistance (worn) {rF+ rC+ MR+}
   (You bought it in a shop on level 6 of the Dungeon)

   It protects you from fire.
   It protects you from cold.
   It affects your resistance to hostile enchantments.
 w - the +15 plate armour of Morality (worn) {rF+ rN++ MR+}
   (You found it on level 3 of the Elven Halls)

   It protects you from fire.
   It greatly protects you from negative energy.
   It affects your resistance to hostile enchantments.
 x - the +2 pair of boots of Zolywkuv (worn) {Dex+5}
   (You found it in a treasure trove)

   It affects your dexterity (+5).
 y - the +1 helmet of Beitzer {rElec}
   (You found it on level 3 of the Elven Halls)

   It insulates you from electricity.
 C - a +2 pair of gloves of dexterity (worn)
 Y - a +1 hat (worn)
Jewellery
 f - a +5 amulet of reflection (around neck)
 r - the ring "Eggib" (left hand) {Wiz Str+3 Int+2 Slay+3 SInv}
   (You took it off a vampire knight on level 5 of the Depths)

   [ring of wizardry]

   It improves your spell success rate.
   It affects your strength (+3).
   It affects your intelligence (+2).
   It affects your accuracy and damage with ranged weapons and melee attacks
   (+3).
   It lets you see invisible.
 W - the ring "Usic" (right hand) {*Corrode rC+ Str+5 Dex+4 SInv}
   (You bought it in a shop on level 3 of the Vaults)

   [ring of protection from cold]

   It affects your strength (+5).
   It affects your dexterity (+4).
   It protects you from cold.
   It lets you see invisible.
   It may corrode you when you take damage.
Wands
 Q - a wand of clouds (1/9)
 Z - a wand of digging (6/24)
Scrolls
 a - 5 scrolls of blinking
 e - 13 scrolls of teleportation
 u - 10 scrolls of recharging
 v - 19 scrolls of remove curse
 F - a scroll of amnesia
 I - a scroll of brand weapon
 K - 2 scrolls of fog
 L - 2 scrolls of silence
 S - 5 scrolls of magic mapping
 U - 2 scrolls of enchant weapon
 V - 5 scrolls of holy word
 X - 4 scrolls of fear
Potions
 b - a potion of mutation
 h - 8 potions of agility
 k - 2 potions of heal wounds
 m - 10 potions of cancellation
 p - 11 potions of might
 z - 14 potions of curing
 A - a potion of ambrosia
 B - 2 potions of brilliance
 E - 4 potions of flight
 G - 6 potions of berserk rage
 H - 7 potions of haste
 J - 3 potions of invisibility
 M - 2 potions of resistance
 O - 4 potions of magic
Books
 i - a book of Clouds

   Spells                             Type                      Level
   a - Poisonous Vapours              Poison/Air                   2
   b - Mephitic Cloud                 Conjuration/Poison/Air       3
   c - Conjure Flame                  Conjuration/Fire             3
   d - Freezing Cloud                 Conjuration/Ice/Air          6
   e - Ring of Flames                 Charms/Fire                  7
 l - a book of Necromancy

   Spells                             Type                      Level
   a - Pain                           Necromancy                   1
   b - Animate Skeleton               Necromancy                   1
   c - Vampiric Draining              Necromancy                   3
   d - Regeneration                   Charms/Necromancy            3
   e - Animate Dead                   Necromancy                   4
   f - Control Undead                 Necromancy                   4
Miscellaneous
 j - a lightning rod (3/4)
 D - a phial of floods
 R - a box of beasts
 T - a lamp of fire
Comestibles
 c - 18 bread rations
 d - 42 fruits
 n - 42 meat rations
 o - 35 royal jellies


   Skills:
 - Level 22.4 Fighting
 - Level 23.0 Polearms
 - Level 17.5 Armour
 O Level 27 Dodging
 - Level 8.2 Stealth
 - Level 16.0 Shields
 - Level 10.6 Spellcasting
 + Level 10.7 Conjurations
 - Level 10.7 Hexes
 - Level 14.1 Charms
 - Level 6.4 Necromancy
 - Level 3.5 Translocations
 + Level 18.6 Ice Magic
 - Level 10.0 Air Magic
 - Level 9.2 Invocations
 * Level 14.1 Evocations


You had 22 spell levels left.
You knew the following spells:

 Your Spells              Type           Power        Failure   Level  Hunger
a - Blink                 Tloc           N/A          3%          2    None
b - Regeneration          Chrm/Necr      #####.....   1%          3    None
c - Spectral Weapon       Hex/Chrm       ######..     1%          3    None
d - Freezing Cloud        Conj/Ice/Air   ######....   6%          6    ######.
e - Throw Icicle          Conj/Ice       ######..     1%          4    ##.....
f - Mephitic Cloud        Conj/Pois/Air  #####...     1%          3    None
g - Animate Dead          Necr           N/A          6%          4    ##.....


Dungeon Overview and Level Annotations

Branches:
Dungeon (15/15)            Temple (1/1) D:5            Lair (6/6) D:8
 Shoals (4/4) Lair:2        Snake (4/4) Lair:3        Slime (5/5) Lair:5
    Orc (2/2) D:12            Elf (3/3) Orc:2        Vaults (5/5) D:14
  Crypt (3/3) Vaults:3       Tomb (0/3) Crypt:3      Depths (5/5) D:15
    Zot (5/5) Depths:5

Altars:
Ashenzari
Cheibriados
Dithmenos
Elyvilon
Fedhas
Gozag
Hepliaklqana
Kikubaaqudgha
Makhleb
Nemelex Xobeh
Okawaru
Qazlal
Ru
Sif Muna
Trog
Uskayaw
Vehumet
Wu Jian
Xom
Yredelemnul
Zin
The Shining One
Beogh
Jiyva
Lugonu

Shops:
D:6 [=   D:7 *   Orc:2 ?(!*   Elf:1 %   Elf:3 =:}   Shoals:1 (   Shoals:3 [*
Vaults:1 =   Vaults:2 ?   Vaults:3 *=   Depths:4 [

Portals:
Hell: Depths:1 Depths:2 Depths:3 Depths:4
Abyss: Depths:4 Depths:5
Pandemonium: Depths:1 Depths:3 Depths:4
Ziggurat: Depths:4

Annotations:
D:4 espais's ghost, novice OpFi
Shoals:2 Polyphemus
Elf:2 3 runed doors


Innate Abilities, Weirdness & Mutations

You revert to your normal form in water.
You are very nimble and swift while swimming.
You are very stealthy in the water. (Stealth+)
You have a pair of small horns on your head.
You are agile. (Dex +2)
Your mind is acute. (Int +2)
You have an increased reservoir of magic. (+10% MP)
You are resistant to hostile enchantments. (MR+)
You are occasionally teleported next to monsters.
You expend magic power (3 MP) to strengthen your wands.


Message History

Press: ? - help, Shift-Dir - straight line The rock shatters into small pieces.
This wand has 7 charges left.
Evoke which item? (* to show all) (? for menu, Esc to quit)
Aiming: Dig
Press: ? - help, Shift-Dir - straight line The rock shatters into small pieces.
This wand has 6 charges left.
There is an open door here.
There is a dry fountain here.
There is a dry fountain here.
A shadow demon comes into view.
A white imp comes into view.
The white imp shouts, "Remove thy stench, thou erky toot-wallowing dandiprat!"
An Orb Guardian comes into view.
You block the shadow demon's attack.
There is a staircase leading out of the dungeon here.
Press: ? - help, v - describe, . - travel
Here: a shadow demon The floor.
The shadow demon barely misses you.
You have escaped!

#........##########.#######
##.######## ###.(......
##.##.## ###.#########
##.## ...## ###....##
####.## ⌠..X.#####....⌠..##
.....# ..⌠5...#....⌠.....#
..)#.# ....⌠.....⌠....⌠..#
...#.# ..................#
...#.# #....@....####### ##
...#.# ####..2#### #.
...#.# ##...## #. ####'###
##..⌠..## #. .......#
##.......## #. .......#
##..⌠...⌠..## #. .......#
#.....⌠.....# #.
.......######.......### #.
............####.#### #.


You could see an Orb Guardian, a shadow demon and a white imp.

Vanquished Creatures
  the Royal Jelly (Slime:5)
  Khufu (Crypt:1)
  Mennas (Depths:5)
  7 ancient liches (Zot:5)
  5 orbs of fire (Zot:5)
  6 juggernauts
  A greater mummy (Crypt:2)
  The ghost of hellse the Metallomancer, a master GrEE of Vehumet (Vaults:5)
  Saint Roka (Crypt:1)
  3 curse toes
  Frederick (Crypt:1)
  4 Killer Klowns
  15 golden dragons
  Nikola (Depths:2)
  the Enchantress (Depths:4)
  A pandemonium lord (D:5)
  3 electric golems
  2 bone dragons
  A hellephant (Depths:4)
  A shard shrike zombie (Crypt:3)
  7 liches
  Jorgrun (Depths:1)
  3 Ice Fiends
  17 tentacled monstrosities
  Asterion (Elf:1)
  27 Orb Guardians
  2 deep elf blademasters (Elf:3)
  11 quicksilver dragons
  4 titans
  22 acid blobs
  2 deep elf master archers (Elf:3)
  7 sphinxes
  5 death cobs
  8 tentacled starspawn
  4 ancient champions (Crypt:3)
  7 shadow dragons
  4 tengu reavers
  Ilsuiw (Shoals:4)
  Kirke (D:14)
  Frances (D:14)
  15 storm dragons
  Donald (Vaults:3)
  Agnes (Elf:1)
  4 revenants (Crypt:3)
  10 fire giants
  13 frost giants
  15 azure jellies
  2 draconian monks
  12 nagarajas
  18 vault wardens
  6 draconian knights
  3 ghost moths
  The ghost of Dharzhak the Severer, a journeyman MiFi of Gozag (Depths:1)
  10 draconian scorchers
  2 curse skulls
  2 iron dragons
  A juggernaut zombie (Depths:4)
  6 draconian shifters
  2 ghouls
  10 deep elf sorcerers
  3 draconian stormcallers (Zot:2)
  11 spriggan defenders
  An angel (Zot:2)
  8 deep elf elementalists
  2 reapers
  2 war gargoyles (Vaults:5)
  7 draconian annihilators
  12 ironheart preservers
  20 very ugly things
  Nessos (D:12)
  3 entropy weavers
  22 stone giants
  6 black draconians
  A juggernaut skeleton (Depths:2)
  8 deep elf demonologists
  27 starcursed masses
  8 green draconians
  9 vampire knights
  2 spectral titans (Crypt:3)
  4 spark wasps
  12 white draconians
  8 deep elf annihilators
  9 yellow draconians
  7 red draconians
  8 purple draconians
  9 deep elf death magi
  3 eidola
  A minotaur (Lab)
  14 ettins
  A great orb of eyes (shapeshifter) (Vaults:5)
  7 merfolk javelineers
  19 yaktaur captains
  9 merfolk impalers
  13 fire dragons
  18 ogre magi
  13 death oozes
  A quicksilver dragon zombie (Vaults:4)
  4 deep elf high priests
  2 jiangshi (Crypt:2)
  39 vault guards
  2 quicksilver dragon skeletons
  15 naga warriors
  11 great orbs of eyes
  12 ice dragons
  12 rakshasas
  9 anacondas
  70 two-headed ogres
  5 spriggan air magi
  8 hydras
  2 alligator snapping turtles (Shoals:2)
  3 satyrs
  7 centaur warriors
  A merfolk avatar (Depths:4)
  Erica (D:8)
  A catoblepas (Lair:6)
  5 death knights
  6 death yaks
  3 vampire magi
  5 deep troll shamans
  3 merfolk aquamancers
  6 tengu warriors
  11 thrashing horrors
  A deep troll earth mage (Depths:4)
  10 dancing weapons
  A titan zombie (Crypt:2)
  4 spriggan berserkers
  Urug (D:12)
  3 soul eaters
  16 naga sharpshooters
  Sonja (Orc:2)
  6 shock serpents
  3 hell knights
  2 wretched stars
  15 deep elf knights
  2 sun demons
  An iron troll (Depths:3)
  2 ghost moth zombies
  4 sixfirhies
  3 spatial maelstroms
  17 skeletal warriors
  A spectral anaconda (Crypt:3)
  3 salamander mystics
  4 unseen horrors
  17 shadow wraiths
  5 glowing orange brains
  14 deep trolls
  An unseen horror (shapeshifter) (Vaults:2)
  9 sea snakes
  A storm dragon skeleton (Depths:4)
  2 quicksilver dragon simulacra (Crypt:3)
  9 flayed ghosts
  13 deep elf archers
  An anaconda skeleton (Crypt:3)
  4 wizards
  9 naga ritualists
  30 phantasmal warriors
  2 swamp dragons
  61 deep elf magi
  A shadow dragon zombie (Depths:4)
  12 necromancers
  2 lindwurms (Lair:6)
  13 large abominations
  A mana viper (shapeshifter) (Vaults:1)
  12 orc knights
  A golden dragon skeleton (Crypt:3)
  A harpy (shapeshifter) (Vaults:1)
  17 harpies
  13 ironbrand convokers
  12 fauns
  6 mana vipers
  2 fire giant zombies
  8 shining eyes
  A tengu skeleton (Depths:2)
  A wolf spider (shapeshifter) (D:15)
  A sphinx zombie (Crypt:3)
  A shadow dragon skeleton (Crypt:2)
  A wolf spider zombie (Crypt:1)
  2 wolf spiders
  33 ugly things
  11 cyclopes
  A salamander (shapeshifter) (Elf:3)
  15 manticores
  5 salamanders
  An orc sorcerer (Orc:2)
  2 elephants (Lair:6)
  4 centaur zombies
  2 elephants (shapeshifter)
  Maurice (Orc:2)
  31 moths of wrath
  7 merfolk sirens
  2 rust devils
  7 worldbinders
  11 vault sentinels
  A dire elephant zombie (Crypt:2)
  A frost giant skeleton (Crypt:1)
  2 guardian serpents (shapeshifter)
  2 titan simulacra
  3 water nymphs
  36 black mambas
  A fire giant skeleton (Depths:2)
  An apocalypse crab (Abyss:3)
  7 spiny frogs
  21 naga magi
  3 eyes of devastation (Slime:5)
  9 guardian serpents
  An ice statue (IceCv)
  2 yaktaur zombies
  3 gargoyles
  2 torpor snails
  6 smoke demons
  4 orange demons
  A catoblepas zombie (Crypt:3)
  25 freezing wraiths
  A white draconian zombie (Crypt:1)
  5 komodo dragons
  A dire elephant skeleton (Crypt:1)
  A yaktaur (shapeshifter) (D:15)
  4 rime drakes
  23 yaktaurs
  2 hellwings
  A tormentor (Depths:4)
  4 ice devils
  2 ancient zymes
  2 golden dragon simulacra (Crypt:3)
  A sea snake zombie (Crypt:2)
  2 grey draconian skeletons (Crypt:2)
  A red devil (Depths:4)
  2 trolls (shapeshifter)
  3 anaconda simulacra (IceCv)
  A queen ant zombie (Crypt:1)
  5 tengu conjurers
  A minotaur zombie (Crypt:3)
  A hydra zombie (Abyss:1)
  A yaktaur skeleton (Vaults:2)
  3 guardian mummies (Crypt:2)
  12 trolls
  A spectral harpy (Crypt:3)
  24 merfolk
  3 wind drakes (Shoals:4)
  A harpy zombie (Abyss:1)
  A wolf spider simulacrum (D:15)
  108 slime creatures
  7 hornets
  2 hornets (shapeshifter)
  Grinder (D:4)
  2 bog bodies (Crypt:3)
  17 raiju
  A polar bear (Lair:6)
  2 hippogriffs (shapeshifter)
  11 hippogriffs
  7 blink frogs
  An ettin zombie (Crypt:2)
  2 fire dragon zombies (Crypt:2)
  A fire dragon skeleton (Crypt:3)
  2 dream sheep (Lair:6)
  A spriggan skeleton (Depths:2)
  4 frost giant simulacra (Crypt:3)
  9 snapping turtles
  3 air elementals
  A fire giant simulacrum (Crypt:3)
  13 flying skulls
  A tarantella (shapeshifter) (Depths:4)
  6 redbacks
  28 water elementals
  10 spriggans
  6 shadows
  18 humans (D:14)
  4 dire elephant simulacra
  5 ynoxinuls
  13 wraiths
  7 hungry ghosts
  2 fire elementals (Elf:3)
  32 yaks
  Eustachio (D:6)
  A fire bat (Abyss:2)
  A golden eye (shapeshifter) (Vaults:2)
  3 hogs (D:14)
  4 wyverns
  12 golden eyes
  3 basilisks
  2 emperor scorpion simulacra (Crypt:3)
  A death yak simulacrum (IceCv)
  2 vampire mosquitoes (D:13)
  A neqoxec (D:4)
  A naga (shapeshifter) (Elf:3)
  5 spatial vortices
  2 chaos spawn
  2 catoblepas simulacra
  6 wargs
  2 harpy simulacra (IceCv)
  2 soldier ants (shapeshifter)
  66 nagas
  3 acid dragons
  7 hydra simulacra
  4 floating eyes
  17 porcupines
  33 orc warriors
  6 water moccasins
  6 sky beasts
  A swamp drake (D:12)
  5 ice beasts
  3 ettin simulacra
  10 eyes of draining
  A swamp dragon zombie (Crypt:2)
  A snapping turtle zombie (Crypt:2)
  An ice dragon simulacrum (Crypt:3)
  20 boggarts
  A hog zombie (Crypt:3)
  58 ogres
  25 centaurs
  20 wolves
  3 necrophages
  A dream sheep skeleton (Crypt:2)
  A lindwurm skeleton (Crypt:1)
  14 human skeletons (Vaults:2)
  5 crocodiles
  Blork the orc (D:6)
  17 bullfrogs
  5 big kobolds
  17 small abominations
  A gnoll sergeant (D:10)
  A wyvern zombie (D:13)
  2 spiny frog simulacra (Crypt:3)
  An earth elemental (Elf:3)
  A komodo dragon skeleton (Crypt:3)
  7 scorpions
  A water moccasin skeleton (D:4)
  A wyvern skeleton (D:12)
  A warg zombie (Crypt:2)
  A troll skeleton (Lab)
  3 human simulacra
  A manticore simulacrum (Crypt:3)
  22 killer bees
  4 snapping turtle simulacra
  4 electric eels
  9 howler monkeys
  2 bullfrog zombies
  10 crimson imps
  A basilisk zombie (Crypt:2)
  3 quasits
  4 draconian simulacra (IceCv)
  5 hounds
  2 human zombies
  12 jellies
  A gnoll shaman (D:10)
  15 orc priests
  6 centaur skeletons
  An iron imp (Abyss:1)
  A bullfrog skeleton (D:13)
  Ijyb (D:5)
  An iguana (D:12)
  A porcupine zombie (Crypt:1)
  Natasha (thrice) (D:4)
  26 orc wizards
  4 troll simulacra (IceCv)
  A hell rat (Lair:6)
  2 polar bear simulacra (IceCv)
  7 worker ants
  A spriggan simulacrum (IceCv)
  An ogre zombie (Crypt:3)
  3 centaur simulacra (IceCv)
  A big kobold skeleton (Crypt:2)
  A hound zombie (D:11)
  An ogre skeleton (Lab)
  A hound skeleton (D:5)
  A howler monkey zombie (Crypt:1)
  9 mummies
  A worker ant zombie (D:8)
  Robin (D:4)
  2 howler monkey skeletons
  8 gnolls (D:10)
  3 naga simulacra (IceCv)
  17 adders
  An ogre simulacrum (IceCv)
  2 shadow imps
  16 white imps
  9 ufetubi
  An ooze (D:2)
  3 worms
  2 dart slugs
  5 leopard geckos
  106 orcs
  4 giant cockroaches
  16 goblins
  8 hobgoblins
  6 jackals
  4 quokkas
  A ball python (D:1)
  A ball python skeleton (Crypt:2)
  10 bats
  A frilled lizard (D:2)
  A jackal skeleton (Crypt:1)
  30 kobolds
  2 kobold zombies (Crypt:1)
  A leopard gecko skeleton (D:8)
  10 rats
  3 crawling corpses (Elf:3)
  2 plants
  4 starspawn tentacles
2836 creatures vanquished.

Vanquished Creatures (collateral kills)
  2 acid blobs (Slime:5)
  A naga warrior (Snake:4)
  A naga ritualist (Snake:4)
  A salamander (Snake:4)
  A naga mage (Snake:4)
  A black mamba (Snake:4)
  A slime creature (Slime:5)
  A lurking horror (Abyss:3)
9 creatures vanquished.

Vanquished Creatures (others)
  A lich (Depths:4)
  A fire giant (Depths:2)
  A frost giant (Depths:4)
  A ghost moth (Zot:5)
  A very ugly thing (Depths:5)
  A white draconian (Zot:2)
  A black draconian (Zot:5)
  A purple draconian (Zot:5)
  A deep elf knight (Vaults:4)
  2 yaktaurs (Vaults:5)
  A flying skull (Abyss:2)
  3 humans (D:14)
  3 boggarts
  An ogre (Vaults:1)
  A jelly (D:11)
  An orc wizard (D:4)
  2 ufetubi
  A bush (Abyss:1)
  6 fungi
  A lurking horror (Abyss:3)
  10 plants
  19 spectral weapons
  19 starspawn tentacles
  7 tentacles (Shoals:2)
86 creatures vanquished.

Grand Total: 2931 creatures vanquished

Notes
Turn   | Place    | Note
-------+----------+-------------------------------------------
     0 | D:1      | triglyceri the Merfolk Monk began the quest for the Orb.
     0 | D:1      | Reached XP level 1. HP: 18/18 MP: 1/1
   171 | D:1      | Reached XP level 2. HP: 24/24 MP: 2/2
   435 | D:1      | Reached skill level 5 in Polearms
   988 | D:2      | Reached XP level 3. HP: 28/30 MP: 3/3
  1214 | D:2      | Learned a level 2 spell: Blink
  1483 | D:2      | Reached XP level 4. HP: 30/37 MP: 4/4
  1871 | D:3      | Reached skill level 1 in Shields
  2176 | D:3      | Gained mutation: You expend magic power (3 MP) to strengthen your wands. [potion of mutation]
  2176 | D:3      | Gained mutation: Your skin changes colour to match your surroundings (Stealth+). [potion of mutation]
  2176 | D:3      | Gained mutation: You have supernaturally acute eyesight. (SInv) [potion of mutation]
  2176 | D:3      | Gained mutation: You are somewhat resistant to further mutation. [potion of mutation]
  2340 | D:3      | Found a faded altar of an unknown god.
  2359 | D:3      | Reached XP level 5. HP: 42/42 MP: 5/5
  2717 | D:4      | Noticed espais's ghost (novice OpFi)
  2776 | D:4      | Noticed Grinder
  2776 | D:4      | Noticed Robin
  2776 | D:4      | Noticed Natasha
  2996 | D:4      | Reached XP level 6. HP: 37/48 MP: 6/6
  3649 | D:4      | Killed Natasha
  3938 | D:4      | Killed Grinder
  3938 | D:4      | Reached XP level 7. HP: 54/54 MP: 7/7
  4001 | D:4      | Killed Robin
  4022 | D:4      | Found a burning altar of Makhleb.
  4275 | D:4      | Found an ancient bone altar of Kikubaaqudgha.
  4325 | D:4      | Reached skill level 10 in Polearms
  4326 | D:4      | Noticed Natasha
  4561 | D:4      | Killed Natasha
  4578 | D:4      | Noticed Natasha
  4583 | D:4      | Killed Natasha
  4820 | D:5      | Entered Level 5 of the Dungeon
  4832 | D:5      | Reached XP level 8. HP: 56/60 MP: 8/8
  5076 | D:5      | Noticed Ijyb
  5091 | D:5      | Killed Ijyb
  5302 | D:5      | Found a basalt altar of Yredelemnul.
  5417 | D:5      | Found a staircase to the Ecumenical Temple.
  5426 | Temple   | Entered the Ecumenical Temple
  5481 | Temple   | Became a worshipper of Warmaster Okawaru
  5481 | Temple   | Reached * piety under Okawaru
  5481 | Temple   | Reached ** piety under Okawaru
  5714 | D:6      | Reached skill level 1 in Invocations
  5714 | D:6      | Reached skill level 1 in Evocations
  5724 | D:6      | Found a white marble altar of Elyvilon.
  5726 | D:6      | Found a bloodstained altar of Trog.
  5801 | D:6      | Found a snail-covered altar of Cheibriados.
  5834 | D:6      | Found a sacrificial altar of Ru.
  5997 | D:6      | Got an ichor-stained chain mail
  5998 | D:6      | Identified the +3 chain mail of Insurance {rF+ Slay+3} (You found it on level 6 of the Dungeon)
  6042 | D:6      | Found Ackur's Antique Armour Emporium.
  6108 | D:6      | Found Otruthroph's Jewellery Boutique.
  6212 | D:6      | Noticed Blork the orc
  6219 | D:6      | Killed Blork the orc
  6219 | D:6      | Reached skill level 5 in Fighting
  6219 | D:6      | Reached XP level 9. HP: 65/68 MP: 11/11
  6232 | D:6      | Noticed Eustachio
  6244 | D:6      | Killed Eustachio
  6437 | D:6      | Found a burning altar of Makhleb.
  6733 | D:7      | Reached *** piety under Okawaru
  6773 | D:7      | Found Koeh's General Store.
  7351 | D:8      | Reached skill level 5 in Invocations
  7400 | D:8      | Reached skill level 5 in Evocations
  7444 | D:8      | Found a staircase to the Lair.
  7476 | D:8      | Noticed Erica
  7497 | D:8      | Noticed a brown ugly thing
  7574 | D:8      | Killed a purple ugly thing
  7574 | D:8      | Reached **** piety under Okawaru
  7574 | D:8      | Reached skill level 5 in Dodging
  7574 | D:8      | Reached XP level 10. HP: 65/80 MP: 10/14
  7741 | D:8      | Found a glowing silver altar of Zin.
  7808 | D:8      | Killed Erica
  7956 | D:8      | Reached skill level 6 in Dodging
  7969 | D:8      | Found a blossoming altar of Fedhas.
  8642 | D:10     | Entered Level 10 of the Dungeon
  8708 | D:10     | Reached ***** piety under Okawaru
  9235 | D:10     | Reached skill level 10 in Fighting
  9621 | D:8      | Reached XP level 11. HP: 90/90 MP: 15/15
  9663 | Lair:1   | Entered Level 1 of the Lair of Beasts
  9847 | Lair:1   | Identified 2 scrolls of acquirement
  9848 | Lair:1   | Got a smoking demon trident
  9849 | Lair:1   | Identified the +11 demon trident of Causality {freeze, +Inv Str+6 Int+4} (You acquired it on level 1 of the Lair of Beasts)
  9937 | Lair:1   | Reached skill level 1 in Armour
 10286 | Lair:2   | Received a gift from Okawaru
 10295 | Lair:2   | Reached skill level 7 in Dodging
 10359 | Lair:2   | Noticed a death yak
 10370 | Lair:2   | Killed a death yak
 10450 | Lair:2   | Noticed a death yak
 10472 | Lair:2   | Killed a death yak
 10479 | Lair:2   | Reached ****** piety under Okawaru
 10532 | Lair:2   | Reached skill level 5 in Armour
 10532 | Lair:2   | Reached skill level 8 in Dodging
 10544 | Lair:2   | Noticed an eight-headed hydra
 10550 | Lair:2   | Killed an eight-headed hydra
 10550 | Lair:2   | Reached XP level 12. HP: 66/97 MP: 16/16
 10559 | Lair:2   | Learned a level 3 spell: Regeneration
 10563 | Lair:2   | Learned a level 3 spell: Spectral Weapon
 10643 | Lair:2   | Found a glowing golden altar of the Shining One.
 10670 | Lair:2   | Found a staircase to the Shoals.
 11432 | Lair:3   | Received a gift from Okawaru
 11460 | Lair:3   | Found a staircase to the Snake Pit.
 11733 | Lair:4   | Reached skill level 9 in Dodging
 11788 | Lair:4   | Noticed an eight-headed hydra
 11795 | Lair:4   | Killed an eight-headed hydra
 11857 | Lair:4   | Reached skill level 15 in Polearms
 11881 | Lair:4   | Noticed an ice dragon
 12082 | Lair:4   | Reached skill level 1 in Charms
 12084 | Lair:4   | Reached skill level 1 in Spellcasting
 12558 | Lair:5   | Noticed a seven-headed hydra
 12565 | Lair:5   | Killed a seven-headed hydra
 12602 | Lair:5   | Noticed a six-headed hydra
 12607 | Lair:5   | Killed a six-headed hydra
 12607 | Lair:5   | Reached skill level 1 in Hexes
 12626 | Lair:5   | Noticed an eight-headed hydra
 12642 | Lair:5   | Killed an eight-headed hydra
 12642 | Lair:5   | Reached skill level 5 in Charms
 12655 | Lair:5   | Found a staircase to the Slime Pits.
 12655 | Lair:5   | Found a viscous altar of Jiyva.
 12909 | Lair:5   | Noticed a five-headed hydra
 12917 | Lair:5   | Killed a five-headed hydra
 12917 | Lair:5   | Reached XP level 13. HP: 100/103 MP: 18/18
 13084 | Lair:5   | Received a gift from Okawaru
 13093 | Lair:5   | Reached skill level 10 in Dodging
 13172 | Lair:6   | Entered Level 6 of the Lair of Beasts
 13439 | Lair:6   | Killed an ice dragon
 13618 | Lair:6   | Got a pair of ancient gloves
 13629 | Lair:6   | Identified the cursed -5 pair of gloves of Liberty {Int+2} (You found it on level 6 of the Lair of Beasts)
 14000 | Lair:6   | Received a gift from Okawaru
 14025 | Lair:6   | Reached skill level 11 in Dodging
 14139 | Lair:6   | Identified Ocwach's Disquisition on the Volcanoes and Displacement
 14641 | D:11     | Reached XP level 14. HP: 114/114 MP: 20/20
 15122 | D:12     | Reached skill level 12 in Dodging
 15156 | D:12     | Found a flagged portal.
 15181 | Bailey   | Entered a bailey
 15189 | Bailey   | Received a gift from Okawaru
 15466 | D:12     | Noticed Nessos
 15477 | D:12     | Killed Nessos
 15624 | D:12     | Noticed Urug
 15635 | D:12     | Killed Urug
 15635 | D:12     | Received a gift from Okawaru
 15887 | D:12     | Found a staircase to the Orcish Mines.
 15945 | Orc:1    | Entered Level 1 of the Orcish Mines
 15947 | Orc:1    | Found a roughly hewn altar of Beogh.
 16019 | Orc:2    | Entered Level 2 of the Orcish Mines
 16019 | Orc:2    | Found a shimmering altar of Xom.
 16024 | Orc:2    | Noticed Sonja
 16034 | Orc:2    | Killed Sonja
 16155 | Orc:2    | Reached skill level 13 in Dodging
 16163 | Orc:2    | Received a gift from Okawaru
 16209 | Orc:2    | Reached skill level 15 in Fighting
 16290 | Orc:2    | Found Fyump's Magic Scroll Boutique.
 16292 | Orc:2    | Found Uter's Antique Weapon Shop.
 16297 | Orc:2    | Found Ageasoumn's Distillery.
 16300 | Orc:2    | Noticed Maurice
 16304 | Orc:2    | Reached XP level 15. HP: 129/129 MP: 21/21
 16322 | Orc:2    | Killed Maurice
 16396 | Orc:2    | Found Wuill's General Store.
 16637 | Orc:2    | Found a staircase to the Elven Halls.
 16703 | Orc:2    | Found a dark tunnel.
 16710 | Volcano  | Entered a volcano
 17108 | Orc:2    | Bought a potion of heal wounds for 65 gold pieces
 17597 | D:13     | Received a gift from Okawaru
 17801 | D:14     | Noticed Kirke
 17886 | D:14     | Killed Kirke
 18130 | D:14     | Cast into level 2 of the Abyss (a wizard)
 18318 | Abyss:2  | Received a gift from Okawaru
 18354 | D:14     | Escaped the Abyss
 18376 | D:14     | Reached skill level 5 in Hexes
 18415 | D:14     | Found a gate to the Vaults.
 18656 | D:14     | Noticed Frances
 18668 | D:14     | Killed Frances
 18668 | D:14     | Received a gift from Okawaru
 18668 | D:14     | Reached XP level 16. HP: 118/141 MP: 22/22
 18764 | D:15     | Entered Level 15 of the Dungeon
 18872 | D:15     | Reached skill level 14 in Dodging
 18904 | D:15     | Found a staircase to the Depths.
 19053 | D:15     | Found a labyrinth entrance.
 19063 | Lab      | Entered a labyrinth
 20464 | Lab      | Received a gift from Okawaru
 21955 | Shoals:1 | Entered Level 1 of the Shoals
 21958 | Shoals:1 | Found Kiask's Weapon Emporium.
 22326 | Shoals:1 | Reached skill level 10 in Charms
 22522 | Shoals:2 | Found a frozen archway.
 22531 | IceCv    | Entered an ice cave
 22896 | IceCv    | Reached skill level 15 in Dodging
 22912 | IceCv    | Reached skill level 5 in Shields
 22912 | IceCv    | Reached XP level 17. HP: 131/147 MP: 23/23
 23291 | IceCv    | Noticed an Ice Fiend
 23842 | Shoals:2 | Noticed a kraken
 23876 | Shoals:2 | Noticed Polyphemus
 24271 | Shoals:3 | Found Jyre Ido's General Store.
 24279 | Shoals:3 | Bought a scroll of blinking for 135 gold pieces
 24356 | Shoals:3 | Found Minubant's Antique Armour Emporium.
 24556 | Shoals:4 | Entered Level 4 of the Shoals
 24593 | Shoals:4 | Received a gift from Okawaru
 24593 | Shoals:4 | Reached skill level 16 in Dodging
 24608 | Shoals:4 | Got a faintly glowing helmet {god gift}
 24619 | Shoals:4 | Identified the +0 helmet "Fahiube" {-Cast rF++ Regen+ MP-9 Stlth+} (Okawaru gifted it to you on level 4 of the Shoals)
 24770 | Shoals:4 | Reached XP level 18. HP: 151/154 MP: 24/24
 24815 | Shoals:4 | Got encrusted acid dragon scales
 24816 | Shoals:4 | Identified the +0 acid dragon scales "Weneag" {rCorr Dex+4} (You found it on level 4 of the Shoals)
 24840 | Shoals:4 | Noticed Ilsuiw
 24862 | Shoals:4 | Reached skill level 17 in Dodging
 24905 | Shoals:4 | Killed Ilsuiw
 25338 | Shoals:4 | Got a barnacled rune of Zot
 25653 | Shoals:4 | Reached skill level 5 in Spellcasting
 25658 | Shoals:4 | Received a gift from Okawaru
 25661 | Shoals:4 | Identified the +2 halberd of the Fifty Suns {chop, rElec rC++ rN+ Dex-5} (Okawaru gifted it to you on level 4 of the Shoals)
 25735 | Shoals:4 | Found a shadowy altar of Dithmenos.
 26132 | Elf:1    | Entered Level 1 of the Elven Halls
 26141 | Elf:1    | Reached skill level 1 in Necromancy
 26374 | Elf:1    | Noticed Asterion
 26384 | Elf:1    | Killed Asterion
 26458 | Elf:1    | Noticed Agnes
 26468 | Elf:1    | Killed Agnes
 26679 | Elf:1    | Found Irpha Codwo's Food Shop.
 27416 | Snake:1  | Entered Level 1 of the Snake Pit
 27665 | Snake:1  | Received a gift from Okawaru
 27668 | Snake:1  | Got a faintly humming scale mail {god gift}
 27669 | Snake:1  | Identified the +2 scale mail of Otzego {-Tele rF- rC+ Int+6} (Okawaru gifted it to you on level 1 of the Snake Pit)
 27725 | Snake:1  | Got an ancient lapis lazuli ring
 28256 | Snake:2  | Reached XP level 19. HP: 125/161 MP: 26/26
 28489 | Snake:2  | Reached skill level 10 in Armour
 28574 | Snake:2  | Identified the ring of New Discoveries {rPois Dex+3 Slay+3} (You found it on level 1 of the Snake Pit)
 28717 | Snake:2  | Reached skill level 5 in Stealth
 28833 | Snake:2  | Reached skill level 18 in Dodging
 29940 | Snake:3  | Received a gift from Okawaru
 29958 | Snake:4  | Entered Level 4 of the Snake Pit
 30076 | Snake:4  | Reached skill level 19 in Dodging
 30503 | Snake:4  | Identified the +1 ring mail "Boosulun" {rPois rF- Regen+ Int+4} (You found it on level 4 of the Snake Pit)
 30944 | Snake:4  | Reached XP level 20. HP: 151/172 MP: 27/27
 31012 | Snake:4  | Received a gift from Okawaru
 31141 | Snake:4  | Got a serpentine rune of Zot
 31559 | Depths:1 | Entered Level 1 of the Depths
 31559 | Depths:1 | Found a gateway to Hell.
 31568 | D:15     | Reached skill level 1 in Translocations
 31841 | Depths:1 | Noticed Dharzhak's ghost (journeyman MiFi)
 31861 | Depths:1 | Killed Dharzhak's ghost
 32128 | Depths:1 | Reached skill level 20 in Dodging
 32158 | Depths:1 | Noticed Jorgrun
 33090 | Elf:2    | Found a huge runed gate.
 33090 | Elf:2    | Found a huge runed gate.
 33098 | Elf:2    | Found a huge runed gate.
 33135 | Elf:3    | Entered Level 3 of the Elven Halls
 33169 | Elf:3    | Received a gift from Okawaru
 33175 | Elf:3    | Identified the +0 robe of the Will of the Gods {rC+} (Okawaru gifted it to you on level 3 of the Elven Halls)
 33794 | Elf:2    | Got a brightly glowing halberd
 33795 | Elf:2    | Identified the cursed +3 halberd of Xivur {chop, *Drain rPois Str+4 Dex+4} (You found it on level 2 of the Elven Halls)
 34261 | Elf:3    | Found Viahi's Book Shop.
 34284 | Elf:3    | Found Oddu's Jewellery Emporium.
 34447 | Elf:3    | Found Nikeil's Gadget Shop.
 34491 | Elf:3    | Got a distressingly furry plate armour
 34492 | Elf:3    | Identified the +15 plate armour of Morality {rF+ rN++ MR+} (You found it on level 3 of the Elven Halls)
 34523 | Elf:3    | Reached XP level 21. HP: 175/184 MP: 28/28
 34681 | Elf:3    | Reached XP level 22. HP: 192/192 MP: 29/29
 34710 | Elf:3    | Got a pitted golden amulet
 34764 | Elf:3    | Got a bloodstained helmet
 34765 | Elf:3    | Identified the +1 helmet of Beitzer {rElec} (You found it on level 3 of the Elven Halls)
 34766 | Elf:3    | Identified the amulet "Tein" {Spirit rN++} (You took it off a deep elf master archer on level 3 of the Elven Halls)
 35571 | Depths:1 | Killed Jorgrun
 35689 | Depths:1 | Found a one-way gate leading to the halls of Pandemonium.
 35912 | Depths:2 | Found a shattered altar of Ashenzari.
 35916 | Depths:2 | Received a gift from Okawaru
 36070 | Depths:2 | Noticed Nikola
 36091 | Depths:2 | Killed Nikola
 36792 | Vaults:1 | Entered Level 1 of the Vaults
 36892 | Vaults:1 | Found Atyghum's Jewellery Boutique.
 37168 | Vaults:1 | Received a gift from Okawaru
 38304 | Vaults:2 | Reached XP level 23. HP: 202/202 MP: 30/30
 38402 | Vaults:2 | Received a gift from Okawaru
 38450 | Vaults:2 | Got a dazzling spear {god gift}
 38460 | Vaults:2 | Identified the +10 spear "Mismeges" {antimagic, Str+10 Dex-4} (Okawaru gifted it to you on level 2 of the Vaults)
 38576 | Vaults:2 | Found a sparkling altar of Nemelex Xobeh.
 39215 | Vaults:2 | Reached skill level 1 in Ice Magic
 39308 | Vaults:2 | Reached skill level 5 in Ice Magic
 39351 | Vaults:2 | Received a gift from Okawaru
 39962 | Vaults:3 | Found Vuth's Assorted Antiques.
 40134 | Vaults:3 | Identified the Reference Book on Spatial Contamination
 40249 | Vaults:3 | Reached skill level 10 in Ice Magic
 40286 | Vaults:3 | Found Gacromaesk's Jewellery Shoppe.
 40541 | Vaults:3 | Bought the ring "Usic" {*Corrode rC+ Str+5 Dex+4 SInv} for 1039 gold pieces
 41029 | Vaults:3 | Noticed Donald
 41039 | Vaults:3 | Killed Donald
 41039 | Vaults:3 | Reached skill level 21 in Dodging
 41169 | Vaults:3 | Found a staircase to the Crypt.
 41196 | Crypt:1  | Entered Level 1 of the Crypt
 41259 | Crypt:1  | Noticed Khufu
 41281 | Crypt:1  | Killed Khufu
 41328 | Crypt:1  | Noticed Saint Roka
 41348 | Crypt:1  | Killed Saint Roka
 41348 | Crypt:1  | Reached XP level 24. HP: 169/212 MP: 21/30
 41515 | Crypt:1  | Noticed Frederick
 41529 | Crypt:1  | Killed Frederick
 41852 | Crypt:2  | Received a gift from Okawaru
 42312 | Crypt:2  | Noticed a greater mummy
 42323 | Crypt:2  | Killed a greater mummy
 42576 | Crypt:3  | Entered Level 3 of the Crypt
 42607 | Crypt:3  | Reached skill level 22 in Dodging
 42784 | Crypt:3  | Received a gift from Okawaru
 42897 | Crypt:3  | Got a brightly glowing wooden ring
 42900 | Crypt:3  | Identified the ring "Zeemycso" {*Drain rF+ rN+ Int+4 Dex+5} (You found it on level 3 of the Crypt)
 43234 | Crypt:3  | Learned a level 6 spell: Freezing Cloud
 43264 | Crypt:3  | Found a staircase to the Tomb.
 43515 | Crypt:3  | Reached skill level 23 in Dodging
 43614 | Crypt:3  | Found a basalt altar of Yredelemnul.
 43984 | Crypt:3  | Reached skill level 24 in Dodging
 43984 | Crypt:3  | Reached XP level 25. HP: 167/219 MP: 30/30
 44174 | Crypt:3  | Identified the cursed +0 chain mail "Nenk" {Str+2} (You found it on level 3 of the Crypt)
 44630 | Depths:3 | Received a gift from Okawaru
 44668 | Depths:3 | Found a blossoming altar of Fedhas.
 44702 | Depths:3 | Noticed a juggernaut
 44711 | Depths:3 | Killed a juggernaut
 44779 | Depths:3 | Got a scintillating bone ring
 44779 | Depths:3 | Got a shimmering crystal amulet
 44790 | Depths:3 | Got a shimmering silver ring
 44795 | Depths:3 | Identified the ring of Daezuska {+Inv rPois rF- Dex+5 Stlth-} (You took it off a vampire knight on level 3 of the Depths)
 44796 | Depths:3 | Identified the amulet of Leaves {Gourm MR+ Str+4} (You took it off a vampire knight on level 3 of the Depths)
 44797 | Depths:3 | Identified the ring of Lucidity {*Tele rN+} (You found it on level 3 of the Depths)
 44808 | Depths:3 | Got a scintillating golden ring
 45159 | Depths:3 | Found a portal to a secret trove of treasure.
 45191 | Depths:3 | Paralysed by a great orb of eyes for 3 turns
 45903 | Depths:4 | Found a gateway to a ziggurat.
 45928 | Depths:4 | Noticed the Enchantress
 45942 | Depths:4 | Killed the Enchantress
 46181 | Depths:4 | Noticed a juggernaut
 46200 | Depths:4 | Killed a juggernaut
 46567 | Depths:4 | Received a gift from Okawaru
 46582 | Depths:4 | Identified the ring "Ubekoexe" {*Tele MP+9} (You found it on level 3 of the Depths)
 46583 | Depths:4 | Identified the +4 bardiche "Qidd" {speed, +Fly rPois Int-5 SInv} (Okawaru gifted it to you on level 4 of the Depths)
 46646 | Depths:4 | Reached skill level 15 in Armour
 46661 | Depths:4 | Got faerie dragon scales
 46672 | Depths:4 | Identified the +4 faerie dragon scales {rElec rF- rCorr Str+2 SInv} (You took it off the Enchantress on level 4 of the Depths)
 46802 | Depths:4 | Found a corrupted altar of Lugonu.
 46802 | Depths:4 | Found a one-way gate to the infinite horrors of the Abyss.
 46848 | Depths:4 | Found Onadena's Armour Boutique.
 47045 | Depths:4 | Reached XP level 26. HP: 226/226 MP: 30/30
 47123 | Depths:4 | Found a runed warning-scrawled door.
 47125 | Depths:4 | Found a runed door.
 47142 | Depths:4 | Found a runed door.
 47429 | Depths:5 | Entered Level 5 of the Depths
 47429 | Depths:5 | Noticed Mennas
 47494 | Depths:5 | Noticed a juggernaut
 47514 | Depths:5 | Killed a juggernaut
 47519 | Depths:5 | Received a gift from Okawaru
 47537 | Depths:5 | Got a bound turquoise ring
 47540 | Depths:5 | Identified the ring "Qirual" {Fire SInv} (You found it on level 5 of the Depths)
 47568 | Depths:5 | Killed Mennas
 47638 | Depths:5 | Noticed a juggernaut
 47655 | Depths:5 | Killed a juggernaut
 47716 | Depths:5 | Found a hazy altar of Hepliaklqana.
 47787 | Depths:5 | Got a wavering jade ring
 47851 | Depths:5 | Received a gift from Okawaru
 47987 | Depths:5 | Found a burning altar of Makhleb.
 48033 | Depths:5 | Got a ring of the Octopus King
 48037 | Depths:5 | Identified a ring of the Octopus King {Wiz AC+1 EV+1 Str+1 Int+1 Dex+1} (You found it on level 5 of the Depths)
 48038 | Depths:5 | Identified the ring "Eggib" {Wiz Str+3 Int+2 Slay+3 SInv} (You took it off a vampire knight on level 5 of the Depths)
 48062 | Depths:5 | Noticed a juggernaut
 48078 | Depths:5 | Killed a juggernaut
 48508 | Orc:2    | Bought a scroll of enchant armour for 120 gold pieces
 48796 | Depths:3 | You paid a toll of +2 gold dragon scales to enter a treasure trove
 48797 | Trove    | Entered a treasure trove
 48805 | Trove    | Got a bronze crystal plate armour
 48808 | Trove    | Got a pair of spiked boots
 48811 | Trove    | Got an ichor-stained crystal plate armour
 48814 | Trove    | Got an ichor-stained plate armour
 48824 | Trove    | Got a polished chain mail
 48856 | Depths:3 | Identified the +2 pair of boots of Zolywkuv {Dex+5} (You found it in a treasure trove)
 48867 | Depths:3 | Identified a +0 pair of boots of running (You found it in a treasure trove)
 48888 | Depths:3 | Identified the +4 plate armour "Vaitoama" {rPois Regen+} (You found it in a treasure trove)
 48898 | Depths:3 | Identified the +11 crystal plate armour "Naryvub" {rC+} (You found it in a treasure trove)
 48908 | Depths:3 | Identified the +14 crystal plate armour of the Sun {Regen+} (You found it in a treasure trove)
 48928 | Depths:3 | Identified the +6 chain mail of the Game Afoot {rElec MR- rCorr Str-4} (You found it in a treasure trove)
 48944 | Depths:3 | Lost mutation: You have supernaturally acute eyesight. (SInv) [potion of mutation]
 48944 | Depths:3 | Lost mutation: You expend magic power (3 MP) to strengthen your wands. [potion of mutation]
 48944 | Depths:3 | Lost mutation: You are somewhat resistant to further mutation. [potion of mutation]
 48944 | Depths:3 | Lost mutation: Your skin changes colour to match your surroundings (Stealth+). [potion of mutation]
 48944 | Depths:3 | Gained mutation: Your body sometimes deteriorates upon taking damage. [potion of mutation]
 48944 | Depths:3 | Gained mutation: Your mind is acute. (Int +2) [potion of mutation]
 48944 | Depths:3 | Gained mutation: Your body often deteriorates upon taking damage. [potion of mutation]
 48944 | Depths:3 | Gained mutation: You have a pair of small horns on your head. [potion of mutation]
 48945 | Depths:3 | Lost mutation: Your body often deteriorates upon taking damage. [potion of mutation]
 48945 | Depths:3 | Lost mutation: Your body sometimes deteriorates upon taking damage. [potion of mutation]
 48945 | Depths:3 | Lost mutation: You have a pair of small horns on your head. [potion of mutation]
 48945 | Depths:3 | Lost mutation: Your mind is acute. (Int +2) [potion of mutation]
 48945 | Depths:3 | Gained mutation: You are partially covered in slimy green scales. (AC +2) [potion of mutation]
 48945 | Depths:3 | Gained mutation: Your magical capacity is low. (-10% MP) [potion of mutation]
 48945 | Depths:3 | Gained mutation: Your spells are a little harder to cast, but a little more powerful. [potion of mutation]
 48946 | Depths:3 | Lost mutation: Your magical capacity is low. (-10% MP) [potion of mutation]
 48946 | Depths:3 | Lost mutation: Your spells are a little harder to cast, but a little more powerful. [potion of mutation]
 48946 | Depths:3 | Lost mutation: You are partially covered in slimy green scales. (AC +2) [potion of mutation]
 48946 | Depths:3 | Gained mutation: You have a pair of small horns on your head. [potion of mutation]
 48946 | Depths:3 | Gained mutation: You are resistant to hostile enchantments. (MR+) [potion of mutation]
 48946 | Depths:3 | Gained mutation: Your muscles are strong. (Str +2) [potion of mutation]
 48947 | Depths:3 | Lost mutation: You are resistant to hostile enchantments. (MR+) [potion of mutation]
 48947 | Depths:3 | Lost mutation: You have a pair of small horns on your head. [potion of mutation]
 48947 | Depths:3 | Lost mutation: Your muscles are strong. (Str +2) [potion of mutation]
 48947 | Depths:3 | Gained mutation: You have a pair of small horns on your head. [potion of mutation]
 48947 | Depths:3 | Gained mutation: You have very sharp teeth. [potion of mutation]
 48947 | Depths:3 | Gained mutation: Your flesh is cold resistant. (rC+) [potion of mutation]
 48948 | Depths:3 | Lost mutation: You have a pair of small horns on your head. [potion of mutation]
 48948 | Depths:3 | Lost mutation: Your flesh is cold resistant. (rC+) [potion of mutation]
 48948 | Depths:3 | Lost mutation: You have very sharp teeth. [potion of mutation]
 48948 | Depths:3 | Gained mutation: Your mind is acute. (Int +2) [potion of mutation]
 48948 | Depths:3 | Gained mutation: Your spells are a little harder to cast, but a little more powerful. [potion of mutation]
 48948 | Depths:3 | Gained mutation: You are covered in fur. (AC +1) [potion of mutation]
 48949 | Depths:3 | Lost mutation: Your mind is acute. (Int +2) [potion of mutation]
 48949 | Depths:3 | Lost mutation: You are covered in fur. (AC +1) [potion of mutation]
 48949 | Depths:3 | Lost mutation: Your spells are a little harder to cast, but a little more powerful. [potion of mutation]
 48949 | Depths:3 | Gained mutation: You have a pair of small horns on your head. [potion of mutation]
 48949 | Depths:3 | Gained mutation: Your skin changes colour to match your surroundings (Stealth+). [potion of mutation]
 48949 | Depths:3 | Gained mutation: Your body sometimes deteriorates upon taking damage. [potion of mutation]
 48949 | Depths:3 | Gained mutation: You are somewhat resistant to further mutation. [potion of mutation]
 48950 | Depths:3 | Lost mutation: You are somewhat resistant to further mutation. [potion of mutation]
 48950 | Depths:3 | Lost mutation: You have a pair of small horns on your head. [potion of mutation]
 48950 | Depths:3 | Lost mutation: Your body sometimes deteriorates upon taking damage. [potion of mutation]
 48950 | Depths:3 | Gained mutation: You are somewhat resistant to further mutation. [potion of mutation]
 48950 | Depths:3 | Gained mutation: You are partially covered in slimy green scales. (AC +2) [potion of mutation]
 49102 | Depths:5 | Received a gift from Okawaru
 49152 | Depths:5 | Found a gate to the Realm of Zot.
 49544 | Vaults:4 | Reached skill level 1 in Air Magic
 49548 | Vaults:4 | Reached skill level 1 in Conjurations
 49876 | Vaults:4 | Reached XP level 27. HP: 229/233 MP: 30/30
 49949 | Vaults:4 | Received a gift from Okawaru
 50282 | D:6      | Bought the +2 shield of Resistance {rF+ rC+ MR+} for 1274 gold pieces
 51386 | Vaults:5 | Entered Level 5 of the Vaults
 51401 | Vaults:5 | Reached skill level 10 in Shields
 51534 | Vaults:5 | Received a gift from Okawaru
 51768 | Vaults:5 | Upgraded the game from 0.21-a0-47-g7c8f537 to 0.21-a0-49-g7bf2ba4
 51813 | Vaults:5 | Noticed hellse's ghost (master GrEE)
 51939 | Vaults:2 | Found Gafrez's Magic Scroll Emporium.
 51943 | Vaults:2 | Bought a scroll of teleportation for 48 gold pieces
 52546 | D:6      | Bought a +5 amulet of reflection for 453 gold pieces
 52957 | Vaults:5 | Killed hellse's ghost
 52994 | Vaults:5 | Got a coiled steel ring
 52996 | Vaults:5 | Identified the ring "Paush" {Wiz rC+} (You found it on level 5 of the Vaults)
 53234 | Vaults:5 | Reached skill level 15 in Shields
 53240 | Vaults:5 | Received a gift from Okawaru
 53511 | Vaults:5 | Got a silver rune of Zot
 53580 | Vaults:5 | Got a transparent brass ring
 53677 | Vaults:5 | Identified the ring of Kuptiaxt {*Contam +Fly EV+2 Str+8} (You took it off an ironbrand convoker on level 5 of the Vaults)
 54459 | Depths:4 | Voluntarily entered the Abyss.
 54461 | Abyss:1  | Found a corrupted altar of Lugonu.
 54648 | Abyss:1  | Found a corrupted altar of Lugonu.
 54737 | Abyss:1  | Identified the +1 scale mail of Cuola {+Fly rN++} (You found it on level 1 of the Abyss)
 54798 | Abyss:1  | Found an ancient bone altar of Kikubaaqudgha.
 55228 | Abyss:2  | Found a burning altar of Makhleb.
 55402 | Abyss:2  | Paralysed by accursed screaming for 1 turns
 55500 | Abyss:3  | Reached skill level 10 in Evocations
 55594 | Abyss:3  | Got an abyssal rune of Zot
 55812 | Abyss:3  | Reached skill level 5 in Necromancy
 55855 | Abyss:3  | Identified the +4 chain mail of Weightlessness {*Contam rElec MR++ Str+3} (You found it on level 3 of the Abyss)
 55861 | Abyss:3  | Received a gift from Okawaru
 55922 | Depths:4 | Escaped the Abyss
 55965 | Depths:5 | Received a gift from Okawaru
 55971 | Depths:5 | Got a crude cloak {god gift}
 55972 | Depths:5 | Identified the +0 cloak "Tuopung" {rPois rN++ Regen+ Str+3} (Okawaru gifted it to you on level 5 of the Depths)
 56047 | Depths:5 | Noticed a juggernaut
 56058 | Depths:5 | Killed a juggernaut
 56058 | Depths:5 | Reached skill level 5 in Air Magic
 56123 | Zot:1    | Entered Level 1 of the Realm of Zot
 56248 | Zot:1    | Reached skill level 5 in Conjurations
 56957 | Zot:1    | Reached skill level 10 in Hexes
 57417 | Zot:2    | Received a gift from Okawaru
 59102 | Zot:4    | Found Xeisouth's Changing Room.
 59410 | Zot:4    | Received a gift from Okawaru
 59484 | Zot:3    | Reached skill level 10 in Conjurations
 59825 | Zot:5    | Entered Level 5 of the Realm of Zot
 60397 | Zot:5    | Received a gift from Okawaru
 60436 | Zot:5    | Noticed an ancient lich
 60447 | Zot:5    | Killed an ancient lich
 60472 | Zot:5    | Reached skill level 10 in Air Magic
 60475 | Zot:5    | Noticed an ancient lich
 60487 | Zot:5    | Reached skill level 15 in Ice Magic
 60503 | Zot:5    | Killed an ancient lich
 60518 | Zot:5    | Noticed an orb of fire
 60531 | Zot:5    | Gained mutation: Your spells are a little easier to cast, but a little less powerful. [an orb of fire]
 60533 | Zot:5    | Killed an orb of fire
 60574 | Zot:5    | Noticed an orb of fire
 60605 | Zot:5    | Killed an orb of fire
 60626 | Zot:5    | Noticed an ancient lich
 60634 | Zot:5    | Killed an ancient lich
 60645 | Zot:5    | Noticed an ancient lich
 60662 | Zot:5    | Killed an ancient lich
 60698 | Zot:5    | Received a gift from Okawaru
 60707 | Zot:5    | Noticed an ancient lich
 60708 | Zot:5    | Noticed an ancient lich
 60717 | Zot:5    | Killed an ancient lich
 60733 | Zot:5    | Killed an ancient lich
 60740 | Zot:5    | Got a pair of fine boots {god gift}
 60816 | Zot:5    | Identified the +0 pair of boots of Joy {rPois rCorr Str-3 Stlth+} (Okawaru gifted it to you on level 5 of the Realm of Zot)
 60880 | Zot:5    | Noticed an orb of fire
 60896 | Zot:5    | Killed an orb of fire
 60918 | Zot:5    | Reached skill level 25 in Dodging
 61060 | Zot:5    | Noticed an orb of fire
 61078 | Zot:5    | Killed an orb of fire
 61078 | Zot:5    | Received a gift from Okawaru
 61109 | Zot:5    | Noticed an orb of fire
 61111 | Zot:5    | Gained mutation: You expend magic power (3 MP) to strengthen your wands. [an orb of fire]
 61126 | Zot:5    | Killed an orb of fire
 61126 | Zot:5    | Reached skill level 26 in Dodging
 61176 | Zot:5    | Received a gift from Okawaru
 61268 | Zot:5    | Noticed an ancient lich
 61279 | Zot:5    | Killed an ancient lich
 61794 | Slime:1  | Entered Level 1 of the Pits of Slime
 62104 | Slime:1  | Reached skill level 27 in Dodging
 62184 | Slime:1  | Received a gift from Okawaru
 62301 | Slime:1  | Gained mutation: Armour fits poorly on your strangely shaped body. [a shining eye]
 62415 | Slime:3  | Gained mutation: You are frail. (-10% HP) [a shining eye]
 62419 | Slime:3  | Gained mutation: You are clumsy. (Dex -2) [a shining eye]
 62430 | Slime:3  | Lost mutation: Your skin changes colour to match your surroundings (Stealth+). [potion of mutation]
 62430 | Slime:3  | Lost mutation: You are somewhat resistant to further mutation. [potion of mutation]
 62430 | Slime:3  | Lost mutation: You expend magic power (3 MP) to strengthen your wands. [potion of mutation]
 62430 | Slime:3  | Lost mutation: You are frail. (-10% HP) [potion of mutation]
 62430 | Slime:3  | Lost mutation: Your spells are a little easier to cast, but a little less powerful. [potion of mutation]
 62430 | Slime:3  | Gained mutation: Your muscles are strong. (Str +2) [potion of mutation]
 62430 | Slime:3  | Gained mutation: You have a somewhat thin skeletal structure. (Dex +2, Stealth) [potion of mutation]
 62431 | Slime:3  | Lost mutation: You have a somewhat thin skeletal structure. (Dex +2, Stealth) [potion of mutation]
 62431 | Slime:3  | Lost mutation: Your muscles are strong. (Str +2) [potion of mutation]
 62431 | Slime:3  | Lost mutation: You are clumsy. (Dex -2) [potion of mutation]
 62431 | Slime:3  | Lost mutation: Armour fits poorly on your strangely shaped body. [potion of mutation]
 62431 | Slime:3  | Lost mutation: You are partially covered in slimy green scales. (AC +2) [potion of mutation]
 62431 | Slime:3  | Gained mutation: Your spells are a little easier to cast, but a little less powerful. [potion of mutation]
 62431 | Slime:3  | Gained mutation: You are robust. (+10% HP) [potion of mutation]
 62431 | Slime:3  | Gained mutation: You possess an exceptional clarity of mind. [potion of mutation]
 62461 | Slime:2  | Lost mutation: You possess an exceptional clarity of mind. [a shining eye]
 62794 | Slime:4  | Reached skill level 10 in Spellcasting
 62987 | Slime:5  | Entered Level 5 of the Pits of Slime
 63075 | Slime:5  | Received a gift from Okawaru
 63155 | Slime:5  | Noticed the Royal Jelly
 63309 | Slime:5  | Killed the Royal Jelly
 63375 | Slime:5  | Identified the +5 trident "Caluept" {pierce, Str+4} (You found it on level 5 of the Pits of Slime)
 63407 | Slime:5  | Got a flickering gossamer ring
 63408 | Slime:5  | Identified the ring of Xom's Reproof {rPois rF+ Str-3 Int+2} (You found it on level 5 of the Pits of Slime)
 63413 | Slime:5  | Got a scintillating lead ring
 63416 | Slime:5  | Identified the ring "Ynan" {*Corrode Str+4 Dex+3 SInv Stlth+} (You found it on level 5 of the Pits of Slime)
 63449 | Slime:5  | Got a slimy rune of Zot
 63472 | Slime:5  | Got a fine glass ring
 63475 | Slime:5  | Identified the ring "Ximom" {rN+ SInv} (You found it on level 5 of the Pits of Slime)
 63546 | Slime:5  | Gained mutation: You expend magic power (3 MP) to strengthen your wands. [a shining eye]
 63548 | Slime:5  | Gained mutation: Your magical capacity is low. (-10% MP) [a shining eye]
 63549 | Slime:5  | Gained mutation: You are occasionally teleported next to monsters. [a shining eye]
 63550 | Slime:5  | Gained mutation: You are clumsy. (Dex -2) [a shining eye]
 63552 | Slime:5  | Gained mutation: You occasionally shout uncontrollably at your foes. [a shining eye]
 63561 | Slime:5  | Lost mutation: You are robust. (+10% HP) [potion of mutation]
 63561 | Slime:5  | Lost mutation: You occasionally shout uncontrollably at your foes. [potion of mutation]
 63561 | Slime:5  | Gained mutation: Your body sometimes deteriorates upon taking damage. [potion of mutation]
 63561 | Slime:5  | Gained mutation: You are resistant to hostile enchantments. (MR+) [potion of mutation]
 63561 | Slime:5  | Gained mutation: Your mind is acute. (Int +2) [potion of mutation]
 63561 | Slime:5  | Lost mutation: Your spells are a little easier to cast, but a little less powerful. [potion of mutation]
 63562 | Slime:5  | Lost mutation: Your magical capacity is low. (-10% MP) [potion of mutation]
 63562 | Slime:5  | Lost mutation: Your body sometimes deteriorates upon taking damage. [potion of mutation]
 63562 | Slime:5  | Lost mutation: You are clumsy. (Dex -2) [potion of mutation]
 63562 | Slime:5  | Lost mutation: You are resistant to hostile enchantments. (MR+) [potion of mutation]
 63562 | Slime:5  | Gained mutation: You possess an exceptional clarity of mind. [potion of mutation]
 63564 | Slime:5  | Lost mutation: You possess an exceptional clarity of mind. [potion of mutation]
 63564 | Slime:5  | Lost mutation: You are occasionally teleported next to monsters. [potion of mutation]
 63564 | Slime:5  | Gained mutation: You are agile. (Dex +2) [potion of mutation]
 63564 | Slime:5  | Gained mutation: You have an increased reservoir of magic. (+10% MP) [potion of mutation]
 63564 | Slime:5  | Gained mutation: You have a pair of small horns on your head. [potion of mutation]
 63564 | Slime:5  | Gained mutation: You are resistant to hostile enchantments. (MR+) [potion of mutation]
 63737 | Lair:2   | Learned a level 4 spell: Throw Icicle
 63741 | Lair:2   | Learned a level 3 spell: Mephitic Cloud
 63746 | Lair:2   | Learned a level 4 spell: Animate Dead
 64285 | Zot:2    | Got a slimy cloak
 64296 | Zot:2    | Identified the +2 cloak of the Untouchables {Str+3} (You acquired it on level 2 of the Realm of Zot)
 64477 | Zot:5    | Got the Orb of Zot
 64651 | Zot:3    | Noticed a seraph
 64721 | Zot:1    | Noticed Itoolir the pandemonium lord
 65049 | D:6      | Found a hazy altar of Hepliaklqana.
 65058 | D:6      | Noticed a seraph
 65084 | D:5      | Noticed Tivvuuq the pandemonium lord
 65090 | D:5      | Gained mutation: You are occasionally teleported next to monsters. [a neqoxec]
 65099 | D:5      | Killed Tivvuuq the pandemonium lord
 65099 | D:5      | Received a gift from Okawaru
 65164 | D:3      | Noticed Puimip the pandemonium lord
 65280 | D:$      | Escaped with the Orb!

Vault maps used:
D:1:      dpeg_arrival_leaves_temple_mockup
D:3:      chequers_ecumenical_altar_simple
D:4:      makhleb_grotto_becter, kiku_gazebo_garden_becter, uniq_grinder,
          uniq_robin, uniq_natasha
D:5:      yredelemnul_altar_generic, temple_hall, first_bread, uniq_ijyb
D:6:      hangedman_ru_absence, nicolae_overflow_hidden_temple, serial_shops,
          kennysheep_mini_moat, shop, bloody_makhleb, uniq_blork_the_orc,
          uniq_eustachio
D:7:      serial_shops, nicolae_shop_behind_doors, kennysheep_opposing_triangles
D:8:      zin_statuary, lemuel_crystal_altar, dpeg_oklobed_lair, uniq_erica
D:9:      kennysheep_generic_room_3
D:11:     hangedman_stone_soup, grunt_ministairs_11, abandoned_shop,
          corexii_mini_fake_secret_closet
D:12:     cheibrodos_ideogram_h, erik_orc_1, enter_bailey_2,
          kennysheep_generic_room_14, uniq_urug, uniq_nessos
D:14:     grunt_vaults_entry_tiered, minmay_stone_trees_small, serial_glass,
          glass_columns_b, glass_columns_b, glass_columns_a, glass_columns_b,
          glass_columns_a, glass_columns_c, glass_columns_c, glass_columns_a,
          uniq_kirke, uniq_frances
D:15:     gammafunk_enter_depths_forms, minivault_23, lab_entry_generic
Temple:   nicolae_temple_x_marks_the_god
Lair:1:   beast_lair_carwin_6, lemuel_fruit_fields
Lair:2:   minmay_shoals_entry_hut, basic_altar
Lair:3:   minmay_snake_entry_guardpost_large
Lair:4:   bobbens_ice_dragon_lair
Lair:5:   slime_altar_1, infiniplex_staircase_pool, grunt_megastairs_4
Lair:6:   hangedman_lair_in_review, guppyfry_lair_drakes
Shoals:1: serial_shops, nicolae_shop_stone
Shoals:2: nicolae_shoals_island_circles, portal_ice_cave_entry_pillars_1,
          nicolae_shoals_water_elemental_grotto, uniq_polyphemus
Shoals:3: serial_shops, shop, nicolae_shoals_c_island
Shoals:4: shoals_end_grunt_ice, shoals_ilsuiw_alternative, lemuel_centaur_altar
Snake:2:  nicolae_cobra_stairs, grunt_megastairs_2
Snake:4:  minmay_snake_end_coiled, grunt_megastairs_3
Slime:4:  nicolae_slime_welcoming_committee
Orc:1:    cheibrodos_orc_bank, basic_altar
Orc:2:    st_orc_open, basic_altar, enter_volcano_2, uniq_maurice, uniq_sonja
Elf:1:    eino_elf_arrival_the_gate, serial_shops, shop,
          hangedman_elf_represent, hex_medium, uniq_agnes, uniq_asterion
Elf:2:    minivault_27
Elf:3:    grunt_elf_hall_diamonds, serial_shops, nicolae_shop_waterfront,
          nicolae_shop_behind_doors, nicolae_shop_temple_entry_statues_fountains
Vaults:1: st_more_cells, nicolae_vaults_three_branches, vaults_dpeg_spiral,
          nicolae_vaults_little_squares_4, v_misc_10,
          nicolae_vaults_little_squares_2, nicolae_vaults_sealed_display,
          serial_shops, nicolae_shop_stone
Vaults:2: hangedman_vaults_capsules, v_misc_23, dpeg_vaults_monster_row,
          nicolae_vaults_octagons, hangedman_vaults_stretched_pinwheel,
          nicolae_vaults_triangles, v_alt_pattern_1, v_alt_pattern_1,
          hangedman_vaults_maws, vaults_room_fours, vaults_mumra_hexcomb,
          serial_shops, shop, basic_altar
Vaults:3: grunt_vaults_focal, vaults_dpeg_doors, nicolae_vaults_ninety_degrees,
          minmay_crypt_entry_simple_plaza, vaults_room_door_ring,
          nicolae_vaults_network_star, nicolae_vaults_rhombus_6,
          vaults_room_large_hall, nicolae_vaults_display_case,
          nicolae_vaults_yaktaur_gun_rack, ontoclasm_vaults_fault,
          vaults_dpeg_encased_lava, serial_shops, shop, shop, uniq_donald
Vaults:4: nicolae_vaults_arrows, nicolae_vaults_mini_display_case,
          vaults_dpeg_diagonal, v_alt_pattern_2, ontoclasm_vaults_gateway,
          nicolae_vaults_border_crossing, v_misc_5,
          ontoclasm_vaults_loading_screen, grunt_vaults_hallway_short
Vaults:5: serial_shops
Crypt:1:  eino_tiny_chamber, st_stairs_12, uniq_frederick, uniq_khufu,
          uniq_saint_roka
Crypt:2:  lemuel_minitomb, hex_tiny
Crypt:3:  church_of_pain_bobbens, tomb_entry_forgotten_bobbens,
          nicolae_crypt_cryptocurrency, st_stairs_10, st_chilly_death
Depths:1: hell_entry, corexii_hall_statues_s, rand_demon_pan_entry_8,
          glass_columns_a, kennysheep_boxes, uniq_jorgrun
Depths:2: minmay_skeletal_surprise, grunt_hell_entry_dis_mu,
          evilmike_ruin_ashenzari, serial_bayou_shore_a, serial_bayou_shore_b,
          uniq_nikola
Depths:3: minmay_the_grid_triangle_9x9_rhombus_thin, pf_hell_entry_tar_spiral,
          enter_trove_2, nicolae_wwwww, pan_entry, kennysheep_generic_room_11
Depths:4: minmay_octo_star, enter_ziggurat_a, pf_coc_iceberg,
          grunt_pan_entry_spiral, serial_shops, kennysheep_mini,
          abyss_entry_flame_altar, minmay_misc_feat_iff, st_stairs_14,
          mikee_hates_you, uniq_enchantress
Depths:5: hangedman_spin_cycle, hell_entry, abyss_entry, uniq_mennas
Zot:1:    basic_loot_grate_trap, st_small_dragon_hoard_4
Zot:2:    st_large_dragon_hoard_2
Zot:3:    basic_stair_grate_trap
Zot:4:    nicolae_moth_party, grunt_ministairs_13, nicolae_transmutations_shop
Zot:5:    lemuel_flame_loot_1
Abyss:2:  evilmike_abyss_exit_plants, due_exit_kobolds
Abyss:3:  nicolae_abyss_rune_left_handed, abyss_exit_lava
Lab:      nicolae_lab_grate_2, labyrinth_skeletal_remains, lab_block,
          nicolae_lab_very_dead_end, labyrinth_glass_1
Trove:    trove_armour_2
Bailey:   bailey_polearm_3, bailey
IceCv:    ice_cave_caverns_02
Volcano:  volcano_pools

Skill      XL: |  1  2  3  4  5  6  7  8  9 10 11 12 13 14 15 16 17 18 19 20 21 22 23 24 25 26 27 |
---------------+----------------------------------------------------------------------------------+-----
Polearms       | 5 6 7 8 9 11 12 13 14 15 17 22 23 | 23.0
Fighting       | 4 5 8 10 11 15 17 18 20 21 22 | 22.4
Shields        | 1 2 3 4 5 8 16 | 16.0
Invocations    | 3 5 9 |  9.2
Evocations     | 2 5 6 7 8 14 | 14.1
Dodging        | 5 6 8 9 11 13 15 16 17 19 20 21 24 27 | 27.0
Armour         | 5 7 9 10 15 17 | 17.5
Charms         | 5 6 8 10 11 12 14 | 14.1
Spellcasting   | 3 4 5 10 | 10.6
Hexes          | 3 5 6 10 | 10.7
Necromancy     | 3 6 |  6.4
Stealth        | 4 6 7 8 |  8.2
Translocations | 3 |  3.5
Ice Magic      | 10 11 18 | 18.6
Air Magic      | 2 10 | 10.0
Conjurations   | 2 10 | 10.7

Action                   |  1- 3 |  4- 6 |  7- 9 | 10-12 | 13-15 | 16-18 | 19-21 | 22-24 | 25-27 || total
-------------------------+-------+-------+-------+-------+-------+-------+-------+-------+-------++-------
Melee: Spear             |   136 |    96 |       |       |       |       |       |       |       ||   232
       Trident           |       |   218 |   567 |   383 |       |       |       |       |       ||  1168
       Tailslap          |       |       |     6 |       |       |    56 |     3 |    24 |    15 ||   104
       Demon trident     |       |       |       |   250 |   929 |  1016 |   935 |  2044 |  4219 ||  9393
       Headbutt          |       |       |       |       |       |       |       |       |    54 ||    54
 Cast: Spectral Weapon   |       |       |       |       |       |     8 |       |     6 |    28 ||    42
       Regeneration      |       |       |       |       |       |     1 |       |       |     7 ||     8
       Freezing Cloud    |       |       |       |       |       |       |       |       |     7 ||     7
       Blink             |       |       |       |       |       |       |       |       |     3 ||     3
       Throw Icicle      |       |       |       |       |       |       |       |       |     1 ||     1
Invok: Heroism           |       |       |     2 |     2 |     1 |       |     1 |       |       ||     6
       Finesse           |       |       |       |       |     2 |     5 |     3 |     7 |    13 ||    30
Evoke: Wand              |       |       |     1 |       |     2 |     3 |    10 |     3 |    18 ||    37
       Lightning rod     |       |       |       |       |       |       |       |     1 |       ||     1
       Phial of floods   |       |       |       |       |       |       |       |       |     2 ||     2
       Box of beasts     |       |       |       |       |       |       |       |       |     2 ||     2
       Phantom mirror    |       |       |       |       |       |       |       |       |     1 ||     1
  Use: Potion            |     4 |     3 |     4 |       |     1 |     9 |     2 |     1 |    21 ||    45
       Scroll            |     2 |     4 |    13 |    14 |     7 |    16 |    14 |    15 |    36 ||   121
 Stab: Sleeping          |    11 |     2 |     6 |       |       |     2 |     9 |     9 |    12 ||    51
       Distracted        |       |       |     1 |       |     1 |     2 |     6 |    10 |    14 ||    34
       Confused          |       |       |       |       |       |       |       |       |     6 ||     6
  Eat: Chunk             |     2 |     8 |    12 |    16 |    19 |    16 |    13 |    23 |    42 ||   151
       Fruit             |       |       |       |     2 |       |     2 |     3 |     3 |     2 ||    12
       Bread ration      |       |       |       |       |       |     3 |     1 |     2 |     6 ||    12
       Royal jelly       |       |       |       |       |       |       |       |       |     2 ||     2
Armor: Robe              |    14 |    17 |       |       |       |       |       |       |       ||    31
       Leather armour    |       |     9 |    23 |       |       |       |       |       |       ||    32
       Chain mail        |       |       |    53 |   134 |   115 |   135 |   145 |       |       ||   582
       Plate armour      |       |       |       |       |       |       |    10 |   338 |   569 ||   917
Dodge: Dodged            |    67 |   206 |   169 |   245 |   335 |   496 |   525 |   860 |  1808 ||  4711
Block: Buckler           |    15 |   124 |   132 |   194 |   211 |   192 |   280 |   548 |   305 ||  2001
       Shield            |       |       |       |       |       |       |       |       |  2027 ||  2027
       Reflection        |       |       |       |       |       |       |       |       |    68 ||    68
